 Dungeon Crawl Stone Soup version 0.19.5 (webtiles) character file.

895 JeffiDaFish the Cudgeler (level 8, -5/48 HPs)
             Began as a Gargoyle Fighter on Mar 10, 2017.
             Killed by divine providence
             ... invoked by an orc priest
              (17 damage)
             ... on level 5 of the Dungeon.
             The game lasted 00:08:24 (3746 turns).

JeffiDaFish the Cudgeler (Gargoyle Fighter)         Turns: 3746, Time: 00:08:26

Health: -5/48      AC: 28    Str: 22    XL:     8   Next: 6%
Magic:  8/8        EV:  6    Int:  9    God:
Gold:   169        SH: 13    Dex: 11    Spells: 0 memorised, 7 levels left

rFire  . . .     SeeInvis .     j - +5 flail (protect)
rCold  . . .     Gourm    .     q - +0 chain mail
rNeg   + . .     Faith    .     c - +3 shield
rPois  ∞         Spirit   .     e - +2 helmet
rElec  +         Reflect  .     (no cloak)
rCorr  .         Harm     .     (no gloves)
MR     +....                    g - +2 pair of boots
Stlth  ..........               (no amulet)
                                (no ring)
                                m - ring of protection from magic

@: protection aura
A: blink, negative energy resistance 1, electricity resistance, strong 1,
unbreathing, evolution 1, petrification resistance, rot immunity, AC +5
a: Blink


You were on level 5 of the Dungeon.
You were not hungry.

You visited 1 branch of the dungeon, and saw 5 of its levels.
You also visited: Sewer.

You collected 169 gold pieces.

Inventory:

Hand Weapons
 j - a +5 flail of protection (weapon)
Armour
 c - a +3 shield (worn)
 e - a +2 helmet (worn)
 g - a +2 pair of boots (worn)
 q - a +0 chain mail (worn)
Jewellery
 m - a ring of protection from magic (left hand)
Wands
 b - a wand of flame (47/48)
Scrolls
 i - 4 scrolls of teleportation
 l - a scroll of amnesia
 r - a scroll of blinking
 s - a scroll of identify
 u - a scroll of remove curse
 v - a scroll of fear
Potions
 d - 4 potions of flight
 t - a potion of might
Books
 a - a book of Necromancy

   Spells                             Type                      Level
   a - Pain                           Necromancy                   1
   b - Animate Skeleton               Necromancy                   1
   c - Vampiric Draining              Necromancy                   3
   d - Regeneration                   Charms/Necromancy            3
   e - Animate Dead                   Necromancy                   4
   f - Control Undead                 Necromancy                   4
Comestibles
 f - 4 bread rations
 h - a slice of pizza
 k - 2 beef jerkies
 n - 5 chunks of flesh
 o - 3 fruits
 p - 2 meat rations


   Skills:
 + Level 4.7 Fighting
 + Level 6.3 Maces & Flails
 + Level 4.6 Armour
 + Level 1.3 Dodging
 + Level 5.8 Shields


You had 7 spell levels left.
You didn't know any spells.

Dungeon Overview and Level Annotations

Branches:
Dungeon (5/15)
 Temple: D:4-7

Altars:
Cheibriados
Hepliaklqana
Makhleb
Xom
The Shining One


Innate Abilities, Weirdness & Mutations

You are resistant to torment.
Your stone body is resilient. (AC +5)
You are immune to poison.
You resist negative energy. (rN+)
You are resistant to electric shocks. (rElec)
You can survive without breathing.
You are immune to petrification.
You are immune to rotting.
You can translocate small distances at will.
Your muscles are strong. (Str +2)
You evolve.


Message History

You hit the orc priest but do no damage.
The orc priest closely misses you.
You closely miss the orc priest. You block the orc priest's attack.
The orc priest invokes the aid of Beogh against you.
Pain shoots through your body!
You hit the orc priest.
The orc priest is heavily wounded.
You block the jackal's attack.
The orc priest mumbles some strange prayers to Beogh against you.
You resist with some effort.
The orc priest invokes the aid of Beogh against you.
Beogh smites you!
* * * LOW HITPOINT WARNING * * *
You hit the orc priest but do no damage.
The orc priest is heavily wounded.
You block the jackal's attack. The orc priest barely misses you.
You block the jackal's attack.
The orc priest calls down the wrath of Beogh upon you.
Beogh smites you!
You die...

#.# #.# #. #.# #o#.#
#.# #.# #o#># ..#.#
#.# #o#h# #.#.# #.#
#o#.# #.#.#####.#
#.#h# #.#.##.##.#
#o#h# #.#.#.#.#.#
#.#@####.#..###..#
#.oo.........#.#.#
###.####..###.##.###
#.# #.## ##<.....
#.# #.# #.#.### #.#
#.## #.....
#.#####.###.......
#..........##### #
############


You could see 2 orc priests and 3 jackals.

Vanquished Creatures
  Menkaure (D:4)
  Edmund (D:4)
  Purgy (Sewer)
  The ghost of antares the Skirmisher, an amateur HOFi (D:4)
  A phantom (D:4)
  A centaur (D:3)
  An orc priest (D:5)
  An orc wizard (D:3)
  Natasha (thrice) (D:4)
  3 worker ants
  A hound skeleton (D:4)
  6 adders
  4 gnolls (D:2)
  A howler monkey skeleton (D:4)
  A river rat (D:3)
  An ooze (D:4)
  3 worms
  A dart slug (D:1)
  A leopard gecko (D:3)
  7 orcs
  8 ball pythons
  5 bats
  5 giant cockroaches
  5 goblins
  8 hobgoblins
  4 jackals (D:4)
  4 quokkas
  6 frilled lizards
  2 kobolds
  A quokka skeleton (D:4)
  6 rats
94 creatures vanquished.

Notes
Turn   | Place    | Note
-------+----------+-------------------------------------------
     0 | D:1      | JeffiDaFish the Gargoyle Fighter began the quest for the Orb.
     0 | D:1      | Reached XP level 1. HP: 14/14 MP: 1/1
   155 | D:1      | Reached XP level 2. HP: 14/19 MP: 2/2
  1025 | D:2      | Found a shimmering altar of Xom.
  1043 | D:2      | Reached XP level 3. HP: 20/24 MP: 3/3
  1089 | D:2      | Found a burning altar of Makhleb.
  1089 | D:2      | Found a sparkling altar of Nemelex Xobeh.
  1091 | D:2      | Found a hide-covered altar of Uskayaw.
  1091 | D:2      | Found a burning altar of Makhleb.
  1091 | D:2      | Found an iron altar of Okawaru.
  1319 | D:2      | Reached XP level 4. HP: 29/29 MP: 4/4
  1324 | D:2      | Reached skill level 3 in Maces & Flails
  1866 | D:2      | Found a snail-covered altar of Cheibriados.
  2062 | D:3      | Found a glowing golden altar of the Shining One.
  2134 | D:3      | Found a glowing drain.
  2141 | D:3      | Reached XP level 5. HP: 31/33 MP: 5/5
  2179 | Sewer    | Entered a sewer
  2253 | Sewer    | Noticed Purgy
  2267 | Sewer    | Killed Purgy
  2267 | Sewer    | Reached skill level 1 in Dodging
  2267 | Sewer    | Reached XP level 6. HP: 21/38 MP: 6/6
  2504 | D:3      | Reached skill level 4 in Maces & Flails
  2543 | D:3      | Reached skill level 5 in Shields
  2652 | D:3      | Found a hazy altar of Hepliaklqana.
  3116 | D:4      | Noticed Edmund
  3117 | D:4      | Noticed Menkaure
  3117 | D:4      | Noticed Natasha
  3130 | D:4      | Killed Menkaure
  3130 | D:4      | Reached XP level 7. HP: 19/44 MP: 7/7
  3140 | D:4      | Killed Natasha
  3143 | D:4      | Killed Edmund
  3143 | D:4      | Reached skill level 5 in Maces & Flails
  3421 | D:4      | Found a glowing golden altar of the Shining One.
  3437 | D:4      | Noticed antares's ghost (amateur HOFi)
  3447 | D:4      | Killed antares's ghost
  3447 | D:4      | Reached skill level 6 in Maces & Flails
  3566 | D:4      | Noticed Natasha
  3575 | D:4      | Killed Natasha
  3623 | D:4      | Gained mutation: Your muscles are strong. (Str +2) [potion of mutation]
  3623 | D:4      | Gained mutation: You evolve. [potion of mutation]
  3623 | D:4      | Gained mutation: You can translocate small distances at will. [potion of mutation]
  3657 | D:4      | Found a burning altar of Makhleb.
  3688 | D:4      | Noticed Natasha
  3696 | D:4      | Killed Natasha
  3696 | D:4      | Reached XP level 8. HP: 44/48 MP: 8/8
  3702 | D:5      | Entered Level 5 of the Dungeon
  3746 | D:5      | Killed from afar by an orc priest

Skill      XL: |  1  2  3  4  5  6  7 |
---------------+----------------------+-----
Maces & Flails | 3 4 6 |  6.3
Fighting       | 4 |  4.7
Shields        | 4 5 |  5.8
Armour         | 4 |  4.6
Dodging        | 1 |  1.3

Action                   |  1- 3 |  4- 6 |  7- 9 || total
-------------------------+-------+-------+-------++-------
Melee: Flail             |   104 |   158 |    81 ||   343
  Use: Scroll            |    12 |     4 |     3 ||    19
       Potion            |     2 |     3 |     4 ||     9
  Eat: Chunk             |     1 |     7 |     2 ||    10
Armor: Scale mail        |    66 |    14 |       ||    80
       Chain mail        |       |   124 |    33 ||   157
Dodge: Dodged            |    35 |    39 |    22 ||    96
Block: Shield            |    69 |   142 |    49 ||   260
